 Dungeon Crawl Stone Soup version 0.27-a0-385-g3208abaabc (webtiles) character file.

Game seed: 5750667188443801266

135 lunkers the Digger (level 4, -2/33 HPs)
             Began as a Demigod Earth Elementalist on Feb 18, 2021.
             Slain by an orc wizard
             ... wielding a +0 dagger
              (3 damage)
             ... on level 3 of the Dungeon.
             The game lasted 00:02:18 (2519 turns).

lunkers the Digger (Demigod Earth Elementalist)     Turns: 2519, Time: 00:02:19

Health: -2/33      AC:  2    Str:  9    XL:     4   Next: 65%
Magic:  1/11       EV: 12    Int: 21    God:
Gold:   113        SH:  0    Dex: 14    Spells: 7/8 levels left

rFire    . . .     SeeInvis .   p - +2 dagger (venom)
rCold    . . .     Faith    .   (no shield)
rNeg     . . .     Spirit   .   c - +0 robe
rPois    .         Reflect  .   (no helmet)
rElec    .         Harm     .   (no cloak)
rCorr    .         Rampage  .   (no gloves)
Will     .....                  (no boots)
Stlth    +.........             (no amulet)
HPRegen  0.11/turn              (no ring)
MPRegen  0.12/turn              (no ring)

@: confused
A: high mp 1
a: no special abilities


You were on level 3 of the Dungeon.
You visited 1 branch of the dungeon, and saw 3 of its levels.

You collected 113 gold pieces.

Inventory:

Hand Weapons
 g - a +0 whip of venom
 p - a +2 dagger of venom (weapon)
Missiles
 b - 52 stones
Armour
 c - a +0 robe (worn)
Scrolls
 a - a scroll of magic mapping {unknown}
 e - a scroll of fog {unknown}
 f - 2 scrolls of teleportation {unknown}
 j - a scroll of random uselessness {unknown}
 k - 3 scrolls of identify {unknown}
 l - a scroll of blinking {unknown}
 m - a scroll of noise {unknown}
Potions
 d - a potion of mutation {unknown}
 h - a potion of brilliance {unknown}
 i - a potion of curing {unknown}
 n - a potion of heal wounds {unknown}
 o - a potion of degeneration {unknown}


   Skills:
 - Level 1.7 Dodging
 - Level 1.7 Stealth
 + Level 2.8 Spellcasting
 - Level 0.8 Transmutations
 * Level 4.5 Earth Magic


You had 7 spell levels left.
You knew the following spells:

 Your Spells              Type           Power        Failure   Level
a - Sandblast             Erth           44%          1%          1

Your spell library contained the following spells:

 Spells                   Type           Power        Failure   Level
 Passwall                 Tmut/Erth      11%          7%          2
 Stone Arrow              Conj/Erth      24%          16%         3
 Petrify                  Tmut/Erth      14%          41%         4
 Lee's Rapid Deconstruct  Erth           11%          50%         5


Dungeon Overview and Level Annotations

Branches:
Dungeon (3/15)


Innate Abilities, Weirdness & Mutations

You have an increased reservoir of magic. (+10% MP)


Message History

The orc hits you but does no damage. Something hits you.
* * * LOW HITPOINT WARNING * * *
Your magical contamination has completely faded away.
Casting: Sandblast (safe; 1% risk of failure)
Confirm with . or Enter, or press ? or * to list all spells.
Aiming: Sandblast (safe; 1% risk of failure)
Press: ? - help, Shift-Dir - straight line Something hits you but does no damage.
The orc hits you with a +0 whip.
* * * LOW HITPOINT WARNING * * *
Something hits you.
* * * LOW HITPOINT WARNING * * *
Something hits you but does no damage.
Casting: Sandblast (safe; 1% risk of failure)
Confirm with . or Enter, or press ? or * to list all spells.
Aiming: Sandblast (safe; 1% risk of failure)
Press: ? - help, Shift-Dir - straight line
* * * LOW MAGIC WARNING * * *
Something hits you.
* * * LOW HITPOINT WARNING * * *
The orc closely misses you.
Unknown command.
Casting: Sandblast (safe; 1% risk of failure)
Confirm with . or Enter, or press ? or * to list all spells.
Aiming: Sandblast (safe; 1% risk of failure)
Press: ? - help, Shift-Dir - straight line, f - orc
Aim: an orc, wielding a +0 whip and wearing a +0 ring mail (heavily wounded, 17% to evade)
The blast of sand hits the orc!
You kill the orc!
* * * LOW MAGIC WARNING * * *
You hear some strange, mumbled words.
You are confused.
Unknown command.
You're too confused to cast spells.
Sorry, you're not good enough to have a special ability.
A bat comes into view.
You're too confused to cast spells.
You bump into the rock wall.
Something hits you.
* * * LOW HITPOINT WARNING * * *
Something hits you.
You die...

### #.. #.# #.# ##
########.# .#
#........# .#
#[######.#########†#
#.#
#........r$.###.#
#.#
#...#..@{b).....#
#.#
###.#.#####.###...
#.# #.#.# .# #.#
#.#.# r# #.# #.#.#
.. #.# #.#.# .. #.##
#.#.. .## #..# #.#
.# ##.#######.##.#.#


You could see a bat and a rat.

Vanquished Creatures
  4 adders
  An ooze (D:2)
  2 worms
  2 dart slugs
  3 leopard geckos
  6 orcs (D:3)
  A ball python (D:2)
  3 bats
  5 giant cockroaches
  9 hobgoblins
  3 jackals (D:1)
  8 kobolds
  5 quokkas
  2 frilled lizards
  10 goblins
  2 rats (D:2)
66 creatures vanquished.

Notes
Turn   | Place    | Note
-------+----------+-------------------------------------------
     0 | D:1      | lunkers the Demigod Earth Elementalist began the quest for
                  | the Orb.
     0 | D:1      | Reached XP level 1. HP: 14/14 MP: 5/5
    81 | D:1      | Reached skill level 3 in Earth Magic
   313 | D:1      | Reached XP level 2. HP: 20/20 MP: 5/7
  1292 | D:2      | Reached XP level 3. HP: 24/26 MP: 6/9
  1694 | D:2      | Reached skill level 4 in Earth Magic
  1763 | D:2      | Found a shimmering blue altar of Sif Muna.
  1977 | D:2      | Reached XP level 4. HP: 33/33 MP: 5/10
  2044 | D:2      | Found a shimmering altar of Xom.
  2519 | D:3      | HP: 1/33 [something (1)]
  2519 | D:3      | Slain by an orc wizard

Illustrated notes

Levels and vault maps discovered:
D:1:      dpeg_arrival_shrine, layout_rooms, chequers_serial_rivers_marsh
D:2:      layout_loops_ring, marbit_many_paths, lemuel_coloured_pillars_altar
D:3:      layout_loops_ring

Skill      XL: |  1  2  3 |
---------------+----------+-----
Earth Magic    | 3 4 |  4.5
Spellcasting   | 2 |  2.8
Dodging        | |  1.7
Stealth        | |  1.7
Transmutations | |  0.8

Action                   |  1- 3 |  4- 6 || total
-------------------------+-------+-------++-------
Melee: Unarmed           |     9 |       ||     9
 Cast: Sandblast         |    67 |    37 ||   104
Armor: Robe              |       |     2 ||     2
Dodge: Dodged            |    15 |     7 ||    22

Table legend: (Time is in decaauts)
 A = Elapsed time spent in this place.
 B = Non-inter-level travel time spent in this place.
 C = Inter-level travel time spent in this place.
 D = Time resting spent in this place.
 E = Time spent auto-exploring this place.
 F = Levels seen in this place.
 G = Mean time per level.
                   A        B        C        D        E       F      G
               +--------+--------+--------+--------+--------+-----+--------+
         Total |   2520 |   2434 |     86 |     41 |   2091 |   3 |  840.0 |
       Dungeon |   2520 |   2434 |     86 |     41 |   2091 |   3 |  840.0 |
               +--------+--------+--------+--------+--------+-----+--------+

Top non-repeatable levels by time:
     D:2: 1142 daAuts
     D:1: 1021 daAuts
     D:3: 355 daAuts
